 Dungeon Crawl Stone Soup version 0.23-a0-269-g65e0026 (webtiles) character file.

169 epen the Slasher (level 5, -4/43 HPs)
             Began as a Barachi Monk on Sept 30, 2018.
             Slain by an orc priest
             ... wielding a +0 war axe
              (7 damage)
             ... on level 3 of the Dungeon.
             The game lasted 00:04:12 (2958 turns).

epen the Slasher (Barachi Monk)                     Turns: 2958, Time: 00:04:13

Health: -4/43      AC:  6    Str: 13    XL:     5   Next: 50%
Magic:  5/5        EV: 14    Int: 10    God:
Gold:   98         SH:  0    Dex: 13    Spells: 4/4 levels left

rFire    . . .     SeeInvis .   a - +1 falchion
rCold    . . .     Gourm    .   (no shield)
rNeg     . . .     Faith    .   b - +1 robe
rPois    .         Spirit   .   (no helmet)
rElec    .         Reflect  .   (no cloak)
rCorr    .         Harm     .   r - +2 pair of gloves
MR       .....                  (no boots)
Stlth    ++........             h - amulet of the acrobat
HPRegen  0.14/turn              m - -2 ring of dexterity (curse)
MPRegen  0.09/turn              (no ring)

@: slow
A: +LOS, swims, slowness 1, strong legs 1
a: Hop


You were on level 3 of the Dungeon.
You were not hungry.

You visited 1 branch of the dungeon, and saw 3 of its levels.

You collected 98 gold pieces.

Inventory:

Hand Weapons
 a - a +1 falchion (weapon)
Armour
 b - a +1 robe (worn)
 r - a +2 pair of gloves (worn)
Jewellery
 f - an uncursed amulet of faith
 h - an amulet of the acrobat (around neck)
 m - a cursed -2 ring of dexterity (left hand)
Scrolls
 e - 5 scrolls of teleportation
 l - a scroll of enchant armour
 n - 3 scrolls of identify
Potions
 g - a potion of haste
 i - 2 potions of brilliance {unknown}
 j - a potion of agility {unknown}
 o - a potion of lignification {unknown}
 p - a potion of resistance {unknown}
 q - a potion of flight {unknown}
 s - a potion of curing {unknown}
Comestibles
 c - 4 rations


   Skills:
 + Level 4.6 Fighting
 * Level 5.3 Long Blades
 + Level 2.4 Armour
 + Level 4.1 Dodging
 - Level 1.7 Stealth


You had 4 spell levels left.
You didn't know any spells.
Your spell library was empty.

Dungeon Overview and Level Annotations

Branches:
Dungeon (3/15)

Altars:
Hepliaklqana
Kikubaaqudgha
Sif Muna
Uskayaw
Xom
Yredelemnul


Innate Abilities, Weirdness & Mutations

Shadows flee at your approach. (+LOS)
You can swim through water.
You cover ground slowly.
You can hop short distances.


Message History

The orc priest is lightly wounded.
The orc priest barely misses you.
You hit the orc priest.
The orc priest is heavily wounded.
You barely miss the orc priest.
The orc priest is heavily wounded.
The orc priest closely misses you.
You closely miss the orc priest.
The orc priest is heavily wounded.
The orc priest misses you.
You riposte.
You closely miss the orc priest.
The orc priest is heavily wounded.
You hit the orc priest but do no damage.
The orc priest is heavily wounded.
The orc priest invokes the aid of Beogh against you.
Beogh smites you!
* * * LOW HITPOINT WARNING * * *
You barely miss the orc priest.
The orc priest is heavily wounded.
The orc priest hits you with a war axe!
You die...

#.. P♣ ♣P..♣♣ ###.###
♣P.♣P♣♣♣..P♣ ###.####
♣PP.♣..♣P.♣# ####......#
♣...♣.♣♣.# #.......#.# #####
♣♣♣♣.♣P♣.# #.......#.# ....
♣♣.P.♣♣.# #.........### ###...
♣P..♣##.####.#.........
..l.o♣♣♣.P♣♣##...)..#.#.##.###
#...♣P..♣♣.†@....###....(.# #
#...♣♣♣♣♣#.o####.# ##...### #
#...##...l.###.# #...# #
♣...#........o.#.# #...# #
.!...#...##.#...#.#.####...# #
♣♣♣♣♣ ##.###.#...#<#.#......#
# #. #.#.......#..#...# # ..
#.#.#.#.####'#...##### ...
#.....####...#..(.....


You could see an orc priest and a leopard gecko.

Vanquished Creatures
  An orc priest (D:3)
  2 orc wizards (D:3)
  2 adders
  3 oozes
  A leopard gecko (D:3)
  6 orcs (D:3)
  6 goblins
  5 hobgoblins
  A jackal (D:1)
  10 kobolds
  A quokka (D:3)
  5 bats
  2 frilled lizards
  A jackal skeleton (D:3)
  7 rats
  A plant (D:3)
54 creatures vanquished.

Notes
Turn   | Place    | Note
-------+----------+-------------------------------------------
     0 | D:1      | epen the Barachi Monk began the quest for the Orb.
     0 | D:1      | Reached XP level 1. HP: 18/18 MP: 1/1
    37 | D:1      | Reached XP level 2. HP: 12/25 MP: 2/2
   206 | D:1      | Reached skill level 4 in Long Blades
   263 | D:1      | Reached skill level 1 in Armour
   397 | D:1      | Reached XP level 3. HP: 25/30 MP: 3/3
  1133 | D:2      | Found a basalt altar of Yredelemnul.
  1170 | D:2      | Found an ancient bone altar of Kikubaaqudgha.
  1170 | D:2      | Found a deep blue altar of Sif Muna.
  1171 | D:2      | Found a hide-covered altar of Uskayaw.
  1795 | D:3      | Reached XP level 4. HP: 16/37 MP: 4/4
  2114 | D:3      | Reached skill level 5 in Long Blades
  2114 | D:3      | Reached XP level 5. HP: 23/43 MP: 5/5
  2438 | D:3      | Found a shimmering altar of Xom.
  2439 | D:3      | Found a hazy altar of Hepliaklqana.
  2440 | D:3      | Noticed a spectral ugly thing
  2958 | D:3      | Slain by an orc priest

Vault maps used:
D:1:      erik_arrival_blinker_ship, st_stairs_3
D:2:      grunt_temple_overflow_open, feat_on_display
D:3:      regret_index_temple_of_mockery, serial_forest,
          infiniplex_forest_lined_4_way, infiniplex_forest_clump_curved,
          infiniplex_forest_join, infiniplex_forest_straight_3,
          infiniplex_forest_split, infiniplex_forest_zigzag_1, first_ration

Skill      XL: |  1  2  3  4 |
---------------+-------------+-----
Long Blades    | 4 5 |  5.3
Armour         | 1 2 |  2.4
Fighting       | 4 |  4.6
Dodging        | 4 |  4.1
Stealth        | |  1.7

Action                   |  1- 3 |  4- 6 || total
-------------------------+-------+-------++-------
Melee: Falchion          |   165 |    85 ||   250
 Abil: Hop               |       |     2 ||     2
  Use: Scroll            |     7 |     3 ||    10
  Eat: Chunk             |     2 |     4 ||     6
       Ration            |       |     1 ||     1
Armor: Robe              |     9 |    16 ||    25
Dodge: Dodged            |    95 |    62 ||   157
       Rpst.: Falchion   |    32 |    16 ||    48

Table legend:
 A = Non-vault XP
 B = Vault XP
 C = Vault XP percentage of total XP
 D = Non-vault monster count
 E = Vault monster count
 F = Vault count percentage of total count
                 A         B        C        D         E       F
            +---------+---------+-------+---------+---------+-------
      Total |     238 |       4 |   1.7 |      50 |       3 |   5.7
            +---------+---------+-------+---------+---------+-------
        D:1 |      38 |       4 |   9.5 |      16 |       3 |  15.8
        D:2 |      32 |       0 |   0.0 |      14 |       0 |   0.0
        D:3 |     168 |       0 |   0.0 |      20 |       0 |   0.0
            +---------+---------+-------+---------+---------+-------
